Map: Pillars of Gold LE

Players

Massa - Winner!

  • Race: Terran Terran
  • League: Platinum
  • Spawn Location: 7:00

Naturalplan

  • Race: Terran Terran
  • League: Diamond
  • Spawn Location: 1:00

VOD

Have the link to the VOD?

Description

Time

  • Played on: Jan. 17, 2021, 1:05 p.m.
  • Length: 7:34
Show
View Real Time Build Order
Export as new Build Order

Massa Terran - Winner!

Build Orders:  

Get SALT Encoding   

  12  0:00  SCV  
  13  0:12  SCV  
  14  0:20  Supply Depot  
  14  0:24  SCV  
  15  0:41  SCV  
  15  0:42  Barracks  
  16  0:48  Refinery  
  16  0:54  SCV  
  17  1:06  SCV  
  18  1:18  SCV  
  19  1:30  Orbital Command  
  19  1:37  Barracks Reactor  
  19  1:54  Command Center  
  19  1:56  SCV  
  20  2:04  Supply Depot  
  19  2:14  Marine x2  
  21  2:25  Factory  
  21  2:29  SCV  
  22  2:36  Marine x2  
  24  2:41  Supply Depot  
  23  2:54  Marine x2  
  24  3:01  SCV  
  25  3:11  Marine x2  
  27  3:13  SCV  
  27  3:14  Orbital Command  
  28  3:26  SCV  
  29  3:29  Starport  
  29  3:38  SCV  
  29  3:40  Barracks Tech Lab, SCV  
  31  3:43  Hellion x2  
  35  3:50  SCV  
  35  3:52  SCV  
  37  4:02  SCV  
  38  4:04  Hellion  
  38  4:05  Hellion  
  42  4:26  Hellion x2  
  46  4:44  Barracks Tech Lab  
  34  5:00  Hellion  
  34  5:01  SCV, Hellion  
  34  5:02  SCV, Banshee  
  36  5:14  SCV  
  32  5:16  Marauder  
  32  5:19  Cloaking Field  
  32  5:20  SCV  
  31  5:37  Marauder  
  31  5:38  SCV x2  
  35  5:47  Stimpack  
  35  5:50  SCV  
  35  5:51  SCV  
  35  6:12  Refinery, SCV  
  35  6:13  SCV  
  31  6:20  Marine  
  31  6:25  SCV x2  
  34  6:27  Barracks, Command Center  
  34  6:30  Barracks x2  
  31  6:37  SCV x2  
  31  6:38  Marine  
  34  6:40  Banshee  
  37  6:49  SCV  
  37  6:53  Widow Mine x2  
  42  6:59  Refinery  
  42  7:00  SCV  
  42  7:01  SCV  
  44  7:02  Refinery  
  44  7:05  Marauder  
  46  7:12  SCV  
Show
View Real Time Build Order
Export as new Build Order

Naturalplan Terran 

Build Orders:  

Get SALT Encoding   

  12  0:00  SCV  
  13  0:13  SCV  
  14  0:18  Supply Depot  
  14  0:25  SCV  
  15  0:40  SCV  
  15  0:41  Barracks  
  16  0:46  Refinery  
  16  0:52  SCV  
  16  0:55  Refinery  
  17  1:04  SCV  
  18  1:23  SCV  
  19  1:30  Supply Depot  
  19  1:31  Reaper  
  20  1:41  Orbital Command  
  20  1:47  Factory  
  20  2:07  Supply Depot  
  20  2:12  Reaper  
  20  2:14  SCV  
  22  2:26  SCV  
  23  2:31  Hellion  
  23  2:35  Starport  
  25  2:38  SCV  
  26  2:45  Supply Depot  
  26  2:58  Reaper  
  26  2:59  Hellion  
  26  3:00  SCV  
  29  3:12  Medivac  
  31  3:13  SCV  
  32  3:25  Factory Tech Lab  
  32  3:28  SCV  
  33  3:39  Command Center  
  33  3:41  Barracks Reactor  
  33  3:52  Siege Tank  
  33  3:53  Starport Reactor  
  33  3:54  SCV  
  37  4:14  SCV  
  38  4:17  Supply Depot  
  38  4:21  Marine x2, Supply Depot  
  40  4:29  Command Center  
  29  5:28  Siege Tank  
  24  5:29  Viking  
  24  5:30  Marine x2  
  17  5:43  Orbital Command  
  17  5:47  Viking  
  12  6:47  SCV  
  13  6:54  Orbital Command  
  13  6:56  SCV  
  14  7:05  Factory Tech Lab  
  14  7:06  SCV  
Tags
 
Matchup
TvT
Race
Terran
Replay Pack
Multiplayer
Spawn Locations
Cross Positions
Add a new tag
Caveats
  • Supply blocks, unpowered buildings, or Contaminate may cause inaccurate times.
  • Supply counts are checked every 10 seconds.